Workbook

Sheet Cuenta Resultados
Q1: 1 | R1: 1 | S1: 0 | T1: 0 | U1: 0 | V1: 0 | W1: 0 | X1: 0 | Y1: 0 | Z1: 0 | AA1: 0 | AB1: 0
A2: 2018 | B2: Enero | C2: Febrero | D2: Marzo | E2: Abril | F2: Mayo | G2: Junio | H2: Julio | I2: Agosto | J2: Septiembre | K2: Octubre | L2: Noviembre | M2: Diciembre | N2: Total | P2: 2019 | Q2: Enero | R2: Febrero | S2: Marzo | T2: Abril | U2: Mayo | V2: Junio | W2: Julio | X2: Agosto | Y2: Septiembre | Z2: Octubre | AA2: Noviembre | AB2: Diciembre | AC2: Total | AE2: Presupuesto 19 | AF2: Enero | AG2: Febrero | AH2: Marzo | AI2: Abril | AJ2: Mayo | AK2: Junio | AL2: Julio | AM2: Agosto | AN2: Septiembre | AO2: Octubre | AP2: Noviembre | AQ2: Diciembre | AR2: Total
A3: Ingresos | N3: =SUM(B3:M3) -> 0 | P3: Ingresos | Q3: =SUMIFS('Facturas 19'!$M:$M,'Facturas 19'!$P:$P,'Cuenta Resultados'!Q2) -> 65794.3 | R3: =SUMIFS('Facturas 19'!$M:$M,'Facturas 19'!$P:$P,'Cuenta Resultados'!R2) -> 17324.37 | S3: =SUMIFS('Facturas 19'!$M:$M,'Facturas 19'!$P:$P,'Cuenta Resultados'!S2) -> 11024.21 | T3: =SUMIFS('Facturas 19'!$M:$M,'Facturas 19'!$P:$P,'Cuenta Resultados'!T2) -> 11590.24 | U3: =SUMIFS('Facturas 19'!$M:$M,'Facturas 19'!$P:$P,'Cuenta Resultados'!U2) -> 6608.32 | V3: =SUMIFS('Facturas 19'!$M:$M,'Facturas 19'!$P:$P,'Cuenta Resultados'!V2) -> 8170.52 | W3: =SUMIFS('Facturas 19'!$M:$M,'Facturas 19'!$P:$P,'Cuenta Resultados'!W2) -> 13216.64 | X3: =SUMIFS('Facturas 19'!$M:$M,'Facturas 19'!$P:$P,'Cuenta Resultados'!X2) -> 6672.52 | ... AB3: =SUMIFS('Facturas 19'!$M:$M,'Facturas 19'!$P:$P,'Cuenta Resultados'!AB2) -> 11119.44 | AC3: =SUM(Q3:AB3) -> 185032.96 | AE3: Ingresos | AR3: =SUM(AF3:AQ3) -> 0
A5: Gastos Directos | B5: =SUM(B6) -> 0 | C5: =SUM(C6) -> 0 | D5: =SUM(D6) -> 0 | E5: =SUM(E6) -> 0 | F5: =SUM(F6) -> 0 | G5: =SUM(G6) -> 0 | H5: =SUM(H6) -> 0 | I5: =SUM(I6) -> 0 | ... M5: =SUM(M6) -> 0 | N5: =SUM(B5:M5) -> 0 | P5: Gastos Directos | Q5: =SUM(Q6) -> 0 | R5: =SUM(R6) -> 0 | S5: =SUM(S6) -> 0 | T5: =SUM(T6) -> 0 | U5: =SUM(U6) -> 0 | V5: =SUM(V6) -> 0 | W5: =SUM(W6) -> 0 | X5: =SUM(X6) -> 0 | ... AB5: =SUM(AB6) -> 0 | AC5: =SUM(Q5:AB5) -> 0 | AE5: Gastos Directos | AF5: =SUM(AF6) -> 0 | AG5: =SUM(AG6) -> 0 | AH5: =SUM(AH6) -> 0 | AI5: =SUM(AI6) -> 0 | AJ5: =SUM(AJ6) -> 0 | AK5: =SUM(AK6) -> 0 | AL5: =SUM(AL6) -> 0 | AM5: =SUM(AM6) -> 0 | ... AQ5: =SUM(AQ6) -> 0 | AR5: =SUM(AF5:AQ5) -> 0
A6: Compras | N6: =SUM(B6:M6) -> 0 | P6: Compras | AC6: =SUM(Q6:AB6) -> 0 | AE6: Compras | AR6: =SUM(AF6:AQ6) -> 0
A7: Beneficio Bruto | B7: =B3-B5 -> 0 | C7: =C3-C5 -> 0 | D7: =D3-D5 -> 0 | E7: =E3-E5 -> 0 | F7: =F3-F5 -> 0 | G7: =G3-G5 -> 0 | H7: =H3-H5 -> 0 | I7: =I3-I5 -> 0 | ... M7: =M3-M5 -> 0 | N7: =SUM(B7:M7) -> 0 | P7: Beneficio Bruto | Q7: =Q3-Q5 -> 65794.3 | R7: =R3-R5 -> 17324.37 | S7: =S3-S5 -> 11024.21 | T7: =T3-T5 -> 11590.24 | U7: =U3-U5 -> 6608.32 | V7: =V3-V5 -> 8170.52 | W7: =W3-W5 -> 13216.64 | X7: =X3-X5 -> 6672.52 | ... AB7: =AB3-AB5 -> 11119.44 | AC7: =SUM(Q7:AB7) -> 185032.96 | AE7: Beneficio Bruto | AF7: =AF3-AF5 -> 0 | AG7: =AG3-AG5 -> 0 | AH7: =AH3-AH5 -> 0 | AI7: =AI3-AI5 -> 0 | AJ7: =AJ3-AJ5 -> 0 | AK7: =AK3-AK5 -> 0 | AL7: =AL3-AL5 -> 0 | AM7: =AM3-AM5 -> 0 | ... AQ7: =AQ3-AQ5 -> 0 | AR7: =SUM(AF7:AQ7) -> 0
B8: =B7/B3 -> #DIV/0! | C8: =C7/C3 -> #DIV/0! | D8: =D7/D3 -> #DIV/0! | E8: =E7/E3 -> #DIV/0! | F8: =F7/F3 -> #DIV/0! | G8: =G7/G3 -> #DIV/0! | H8: =H7/H3 -> #DIV/0! | I8: =I7/I3 -> #DIV/0! | ... M8: =M7/M3 -> #DIV/0! | Q8: =Q7/Q3 -> 1 | R8: =R7/R3 -> 1 | S8: =S7/S3 -> 1 | T8: =T7/T3 -> 1 | U8: =U7/U3 -> 1 | V8: =V7/V3 -> 1 | W8: =W7/W3 -> 1 | X8: =X7/X3 -> 1 | ... AB8: =AB7/AB3 -> 1 | AF8: =AF7/AF3 -> #DIV/0! | AG8: =AG7/AG3 -> #DIV/0! | AH8: =AH7/AH3 -> #DIV/0! | AI8: =AI7/AI3 -> #DIV/0! | AJ8: =AJ7/AJ3 -> #DIV/0! | AK8: =AK7/AK3 -> #DIV/0! | AL8: =AL7/AL3 -> #DIV/0! | AM8: =AM7/AM3 -> #DIV/0! | ... AQ8: =AQ7/AQ3 -> #DIV/0!
A10: Coste Personal | N10: =SUM(B10:M10) -> 0 | P10: Coste Personal | AC10: =SUM(Q10:AB10) -> 0 | AE10: Coste Personal | AF10: =SUMIFS(#REF!,#REF!,'Cuenta Resultados'!AF2,#REF!,'Cuenta Resultados'!$P$10) -> #REF! | AG10: =SUMIFS(#REF!,#REF!,'Cuenta Resultados'!AG2,#REF!,'Cuenta Resultados'!$P$10) -> #REF! | AH10: =SUMIFS(#REF!,#REF!,'Cuenta Resultados'!AH2,#REF!,'Cuenta Resultados'!$P$10) -> #REF! | AI10: =SUMIFS(#REF!,#REF!,'Cuenta Resultados'!AI2,#REF!,'Cuenta Resultados'!$P$10) -> #REF! | AJ10: =SUMIFS(#REF!,#REF!,'Cuenta Resultados'!AJ2,#REF!,'Cuenta Resultados'!$P$10) -> #REF! | AK10: =SUMIFS(#REF!,#REF!,'Cuenta Resultados'!AK2,#REF!,'Cuenta Resultados'!$P$10) -> #REF! | AL10: =SUMIFS(#REF!,#REF!,'Cuenta Resultados'!AL2,#REF!,'Cuenta Resultados'!$P$10) -> #REF! | AM10: =SUMIFS(#REF!,#REF!,'Cuenta Resultados'!AM2,#REF!,'Cuenta Resultados'!$P$10) -> #REF! | ... AQ10: =SUMIFS(#REF!,#REF!,'Cuenta Resultados'!AQ2,#REF!,'Cuenta Resultados'!$P$10) -> #REF! | AR10: =SUM(AF10:AQ10) -> #REF!
A11: Gastos Indirectos | B11: =SUM(B12:B15) -> 0 | C11: =SUM(C12:C15) -> 0 | D11: =SUM(D12:D15) -> 0 | E11: =SUM(E12:E15) -> 0 | F11: =SUM(F12:F15) -> 0 | G11: =SUM(G12:G15) -> 0 | H11: =SUM(H12:H15) -> 0 | I11: =SUM(I12:I15) -> 0 | ... M11: =SUM(M12:M15) -> 0 | N11: =SUM(B11:M11) -> 0 | P11: Gastos Indirectos | Q11: =SUM(Q12:Q15) -> 0 | R11: =SUM(R12:R15) -> 0 | S11: =SUM(S12:S15) -> 0 | T11: =SUM(T12:T15) -> 0 | U11: =SUM(U12:U15) -> 0 | V11: =SUM(V12:V15) -> 0 | W11: =SUM(W12:W15) -> 0 | X11: =SUM(X12:X15) -> 0 | ... AB11: =SUM(AB12:AB15) -> 0 | AC11: =SUM(Q11:AB11) -> 0 | AE11: Gastos Indirectos | AF11: =SUM(AF12:AF15) -> 0 | AG11: =SUM(AG12:AG15) -> 0 | AH11: =SUM(AH12:AH15) -> 0 | AI11: =SUM(AI12:AI15) -> 0 | AJ11: =SUM(AJ12:AJ15) -> 0 | AK11: =SUM(AK12:AK15) -> 0 | AL11: =SUM(AL12:AL15) -> 0 | AM11: =SUM(AM12:AM15) -> 0 | ... AQ11: =SUM(AQ12:AQ15) -> 0 | AR11: =SUM(AF11:AQ11) -> 0
A12: Suministros | N12: =SUM(B12:M12) -> 0 | P12: Suministros | AC12: =SUM(Q12:AB12) -> 0 | AE12: Suministros | AR12: =SUM(AF12:AQ12) -> 0
A13: Mantenimiento | N13: =SUM(B13:M13) -> 0 | P13: Mantenimiento | AC13: =SUM(Q13:AB13) -> 0 | AE13: Mantenimiento | AR13: =SUM(AF13:AQ13) -> 0
A14: Serv Externalizados | N14: =SUM(B14:M14) -> 0 | P14: Serv Externalizados | AC14: =SUM(Q14:AB14) -> 0 | AE14: Serv Externalizados | AR14: =SUM(AF14:AQ14) -> 0
A15: Otros Gastos | N15: =SUM(B15:M15) -> 0 | P15: Otros Gastos | AC15: =SUM(Q15:AB15) -> 0 | AE15: Otros Gastos | AR15: =SUM(AF15:AQ15) -> 0
A16: Resultado Operativo | B16: =B7-B10-B11 -> 0 | C16: =C7-C10-C11 -> 0 | D16: =D7-D10-D11 -> 0 | E16: =E7-E10-E11 -> 0 | F16: =F7-F10-F11 -> 0 | G16: =G7-G10-G11 -> 0 | H16: =H7-H10-H11 -> 0 | I16: =I7-I10-I11 -> 0 | ... M16: =M7-M10-M11 -> 0 | N16: =SUM(B16:M16) -> 0 | P16: Resultado Operativo | Q16: =Q7-Q10-Q11 -> 65794.3 | R16: =R7-R10-R11 -> 17324.37 | S16: =S7-S10-S11 -> 11024.21 | T16: =T7-T10-T11 -> 11590.24 | U16: =U7-U10-U11 -> 6608.32 | V16: =V7-V10-V11 -> 8170.52 | W16: =W7-W10-W11 -> 13216.64 | X16: =X7-X10-X11 -> 6672.52 | ... AB16: =AB7-AB10-AB11 -> 11119.44 | AC16: =SUM(Q16:AB16) -> 185032.96 | AE16: Resultado Operativo | AF16: =AF7-AF10-AF11 -> #REF! | AG16: =AG7-AG10-AG11 -> #REF! | AH16: =AH7-AH10-AH11 -> #REF! | AI16: =AI7-AI10-AI11 -> #REF! | AJ16: =AJ7-AJ10-AJ11 -> #REF! | AK16: =AK7-AK10-AK11 -> #REF! | AL16: =AL7-AL10-AL11 -> #REF! | AM16: =AM7-AM10-AM11 -> #REF! | ... AQ16: =AQ7-AQ10-AQ11 -> #REF! | AR16: =SUM(AF16:AQ16) -> #REF!
B17: =B16/B3 -> #DIV/0! | C17: =C16/C3 -> #DIV/0! | D17: =D16/D3 -> #DIV/0! | E17: =E16/E3 -> #DIV/0! | F17: =F16/F3 -> #DIV/0! | G17: =G16/G3 -> #DIV/0! | H17: =H16/H3 -> #DIV/0! | I17: =I16/I3 -> #DIV/0! | ... M17: =M16/M3 -> #DIV/0! | Q17: =Q16/Q3 -> 1 | R17: =R16/R3 -> 1 | S17: =S16/S3 -> 1 | T17: =T16/T3 -> 1 | U17: =U16/U3 -> 1 | V17: =V16/V3 -> 1 | W17: =W16/W3 -> 1 | X17: =X16/X3 -> 1 | ... AB17: =AB16/AB3 -> 1 | AF17: =AF16/AF3 -> #REF! | AG17: =AG16/AG3 -> #REF! | AH17: =AH16/AH3 -> #REF! | AI17: =AI16/AI3 -> #REF! | AJ17: =AJ16/AJ3 -> #REF! | AK17: =AK16/AK3 -> #REF! | AL17: =AL16/AL3 -> #REF! | AM17: =AM16/AM3 -> #REF! | ... AQ17: =AQ16/AQ3 -> #REF!
A19: Total Gastos | B19: =B5+B10+B11 -> 0 | C19: =C5+C10+C11 -> 0 | D19: =D5+D10+D11 -> 0 | E19: =E5+E10+E11 -> 0 | F19: =F5+F10+F11 -> 0 | G19: =G5+G10+G11 -> 0 | H19: =H5+H10+H11 -> 0 | I19: =I5+I10+I11 -> 0 | ... N19: =N5+N10+N11 -> 0 | P19: Total Gastos | Q19: =Q5+Q10+Q11 -> 0 | R19: =R5+R10+R11 -> 0 | S19: =S5+S10+S11 -> 0 | T19: =T5+T10+T11 -> 0 | U19: =U5+U10+U11 -> 0 | V19: =V5+V10+V11 -> 0 | W19: =W5+W10+W11 -> 0 | X19: =X5+X10+X11 -> 0 | ... AC19: =AC5+AC10+AC11 -> 0 | AE19: Total Gastos | AF19: =AF5+AF10+AF11 -> #REF! | AG19: =AG5+AG10+AG11 -> #REF! | AH19: =AH5+AH10+AH11 -> #REF! | AI19: =AI5+AI10+AI11 -> #REF! | AJ19: =AJ5+AJ10+AJ11 -> #REF! | AK19: =AK5+AK10+AK11 -> #REF! | AL19: =AL5+AL10+AL11 -> #REF! | AM19: =AM5+AM10+AM11 -> #REF! | ... AR19: =AR5+AR10+AR11 -> #REF!
A21: Amortizaciones | N21: =SUM(B21:M21) -> 0 | P21: Amortizaciones | AC21: =SUM(Q21:AB21) -> 0 | AE21: Amortizaciones | AR21: =SUM(AF21:AQ21) -> 0
A22: Resultado de Explotación | B22: =B16-B21 -> 0 | C22: =C16-C21 -> 0 | D22: =D16-D21 -> 0 | E22: =E16-E21 -> 0 | F22: =F16-F21 -> 0 | G22: =G16-G21 -> 0 | H22: =H16-H21 -> 0 | I22: =I16-I21 -> 0 | ... M22: =M16-M21 -> 0 | N22: =SUM(B22:M22) -> 0 | P22: Resultado de Explotación | Q22: =Q16-Q21 -> 65794.3 | R22: =R16-R21 -> 17324.37 | S22: =S16-S21 -> 11024.21 | T22: =T16-T21 -> 11590.24 | U22: =U16-U21 -> 6608.32 | V22: =V16-V21 -> 8170.52 | W22: =W16-W21 -> 13216.64 | X22: =X16-X21 -> 6672.52 | ... AB22: =AB16-AB21 -> 11119.44 | AC22: =SUM(Q22:AB22) -> 185032.96 | AE22: Resultado de Explotación | AF22: =AF16-AF21 -> #REF! | AG22: =AG16-AG21 -> #REF! | AH22: =AH16-AH21 -> #REF! | AI22: =AI16-AI21 -> #REF! | AJ22: =AJ16-AJ21 -> #REF! | AK22: =AK16-AK21 -> #REF! | AL22: =AL16-AL21 -> #REF! | AM22: =AM16-AM21 -> #REF! | ... AQ22: =AQ16-AQ21 -> #REF! | AR22: =SUM(AF22:AQ22) -> #REF!
A24: Resultado | B24: =B22 -> 0 | C24: =C22 -> 0 | D24: =D22 -> 0 | E24: =E22 -> 0 | F24: =F22 -> 0 | G24: =G22 -> 0 | H24: =H22 -> 0 | I24: =I22 -> 0 | ... M24: =M22 -> 0 | N24: =SUM(B24:M24) -> 0 | P24: Resultado | Q24: =Q22 -> 65794.3 | R24: =R22 -> 17324.37 | S24: =S22 -> 11024.21 | T24: =T22 -> 11590.24 | U24: =U22 -> 6608.32 | V24: =V22 -> 8170.52 | W24: =W22 -> 13216.64 | X24: =X22 -> 6672.52 | ... AB24: =AB22 -> 11119.44 | AC24: =SUM(Q24:AB24) -> 185032.96 | AE24: Resultado | AF24: =AF22 -> #REF! | AG24: =AG22 -> #REF! | AH24: =AH22 -> #REF! | AI24: =AI22 -> #REF! | AJ24: =AJ22 -> #REF! | AK24: =AK22 -> #REF! | AL24: =AL22 -> #REF! | AM24: =AM22 -> #REF! | ... AQ24: =AQ22 -> #REF! | AR24: =SUM(AF24:AQ24) -> #REF!
B25: =B24/B3 -> #DIV/0! | C25: =C24/C3 -> #DIV/0! | D25: =D24/D3 -> #DIV/0! | E25: =E24/E3 -> #DIV/0! | F25: =F24/F3 -> #DIV/0! | G25: =G24/G3 -> #DIV/0! | H25: =H24/H3 -> #DIV/0! | I25: =I24/I3 -> #DIV/0! | ... M25: =M24/M3 -> #DIV/0! | Q25: =Q24/Q3 -> 1 | R25: =R24/R3 -> 1 | S25: =S24/S3 -> 1 | T25: =T24/T3 -> 1 | U25: =U24/U3 -> 1 | V25: =V24/V3 -> 1 | W25: =W24/W3 -> 1 | X25: =X24/X3 -> 1 | ... AB25: =AB24/AB3 -> 1 | AF25: =AF24/AF3 -> #REF! | AG25: =AG24/AG3 -> #REF! | AH25: =AH24/AH3 -> #REF! | AI25: =AI24/AI3 -> #REF! | AJ25: =AJ24/AJ3 -> #REF! | AK25: =AK24/AK3 -> #REF! | AL25: =AL24/AL3 -> #REF! | AM25: =AM24/AM3 -> #REF! | ... AQ25: =AQ24/AQ3 -> #REF!

Sheet Facturas 19
A1: Referencia | B1: Fecha | C1: Cliente | D1: CIF/NIF del cliente | E1: Email del cliente | F1: Teléfono | G1: Estado | H1: Forma pago | I1: Cuenta bancaria | J1: Tipo de vencimiento | K1: Total base | L1: Total impuestos | M1: Total importe | N1: Importe cobrado | O1: Importe restante | P1: Mes
A2: FAC18/00100 | B2: 43131 | C2: Cliente 1 | G2: Cobrada | H2: Transferencia bancaria | J2: Al contado | K2: 290 | L2: 20.3 | M2: 310.3 | N2: 310.3 | O2: =M2-N2 -> 0 | P2: =TEXT(B2,"mmmmmmmmmmmmmm") -> enero
A3: FAC18/00099 | B3: 43131 | C3: Cliente 2 | G3: Parcialmente cobrada | H3: Transferencia bancaria | J3: Al contado | K3: 1170 | L3: 81.9 | M3: 1251.9 | N3: 1201.9 | O3: =M3-N3 -> 50 | P3: =TEXT(B3,"mmmmmmmmmmmmmm") -> enero
A4: FAC18/00098 | B4: 43131 | C4: Cliente 3 | G4: Pendiente | H4: Transferencia bancaria | J4: Al contado | K4: 60 | L4: 4.2 | M4: 64.2 | N4: 0 | O4: =M4-N4 -> 64.2 | P4: =TEXT(B4,"mmmmmmmmmmmmmm") -> enero
A5: FAC18/00097 | B5: 43131 | C5: Cliente 4 | G5: Pendiente | H5: Transferencia bancaria | J5: Al contado | K5: 440 | L5: 30.8 | M5: 470.8 | N5: 0 | O5: =M5-N5 -> 470.8 | P5: =TEXT(B5,"mmmmmmmmmmmmmm") -> enero
A6: FAC18/00096 | B6: 43131 | C6: Cliente 5 | G6: Parcialmente cobrada | H6: Transferencia bancaria | J6: Al contado | K6: 560 | L6: 39.2 | M6: 599.2 | N6: 360 | O6: =M6-N6 -> 239.2 | P6: =TEXT(B6,"mmmmmmmmmmmmmm") -> enero
A7: FAC18/00095 | B7: 43131 | C7: Cliente 6 | G7: Cobrada | H7: Transferencia bancaria | J7: Al contado | K7: 1049 | L7: 73.43 | M7: 1122.43 | N7: 1122.43 | O7: =M7-N7 -> 0 | P7: =TEXT(B7,"mmmmmmmmmmmmmm") -> enero
A8: FAC18/00094 | B8: 43130 | C8: Cliente 7 | G8: Pendiente | H8: Transferencia bancaria | J8: Al contado | K8: 135 | L8: 9.45 | M8: 144.45 | N8: 0 | O8: =M8-N8 -> 144.45 | P8: =TEXT(B8,"mmmmmmmmmmmmmm") -> enero
A9: FAC18/00093 | B9: 43126 | C9: Cliente 8 | G9: Cobrada | H9: Transferencia bancaria | J9: Al contado | K9: 180 | L9: 12.6 | M9: 192.6 | N9: 192.6 | O9: =M9-N9 -> 0 | P9: =TEXT(B9,"mmmmmmmmmmmmmm") -> enero
A10: FAC18/00092 | B10: 43125 | C10: Cliente 9 | G10: Pendiente | H10: Transferencia bancaria | J10: Al contado | K10: 30 | L10: 2.1 | M10: 32.1 | N10: 0 | O10: =M10-N10 -> 32.1 | P10: =TEXT(B10,"mmmmmmmmmmmmmm") -> enero
A11: FAC18/00091 | B11: 43125 | C11: Cliente 10 | G11: Pendiente | H11: Transferencia bancaria | J11: Al contado | K11: 1512 | L11: 105.84 | M11: 1617.84 | N11: 0 | O11: =M11-N11 -> 1617.84 | P11: =TEXT(B11,"mmmmmmmmmmmmmm") -> enero
A12: FAC18/00090 | B12: 43125 | C12: Cliente 11 | G12: Pendiente | H12: Transferencia bancaria | J12: Al contado | K12: 390 | L12: 27.3 | M12: 417.3 | N12: 0 | O12: =M12-N12 -> 417.3 | P12: =TEXT(B12,"mmmmmmmmmmmmmm") -> enero
A13: FAC18/00089 | B13: 43125 | C13: Cliente 12 | G13: Pendiente | H13: Transferencia bancaria | J13: Al contado | K13: 90 | L13: 6.3 | M13: 96.3 | N13: 0 | O13: =M13-N13 -> 96.3 | P13: =TEXT(B13,"mmmmmmmmmmmmmm") -> enero
... A365: FAC18/00088 | B365: 43124 | C365: Cliente 39 | G365: Pendiente | H365: Transferencia bancaria | J365: Al contado | K365: 270 | L365: 18.9 | M365: 288.9 | N365: 0 | O365: =M365-N365 -> 288.9 | P365: =TEXT(B365,"mmmmmmmmmmmmmm") -> enero

Sheet Hoja1
A1: Cliente | B1: CIF | C1: Tipo servicio | D1: Tipo Cliente | E1: Enero | F1: Febrero | G1: Marzo | H1: Abril | I1: Mayo | J1: Junio | K1: Julio | L1: Agosto | M1: Septiembre | N1: Octubre | O1: Noviembre | P1: Diciembre | Q1: Acumulado | R1: Total
A2: Cliente 1 | C2: Formación | D2: CR | E2: 1500 | F2: 200 | G2: 3000
C3: Consultoría | D3: CN
C4: Infoproductos

Sheet Cartera
E1: =SUM(E4:E22) -> 51860 | F1: =SUM(F4:F22) -> 55593 | G1: =SUM(G4:G22) -> 55999 | H1: =SUM(H4:H22) -> 9500 | I1: =SUM(I4:I22) -> 14000 | J1: =SUM(J4:J22) -> 17000 | K1: =SUM(K4:K22) -> 0 | L1: =SUM(L4:L22) -> 0 | ... P1: =SUM(P4:P22) -> 0
E2: 1 | F2: 1 | G2: 0 | H2: 0 | I2: 0 | J2: 0 | K2: 0 | L2: 0 | M2: 0 | N2: 0 | O2: 0 | P2: 0
A3: Cliente | B3: CIF | C3: Tipo de Cliente | D3: Servicio | E3: Enero | F3: Febrero | G3: Marzo | H3: Abril | I3: Mayo | J3: Junio | K3: Julio | L3: Agosto | M3: Septiembre | N3: Octubre | O3: Noviembre | P3: Diciembre | Q3: Acumulado | R3: Total
A4: Jessica Myrick | C4: CN | D4: Formación | E4: 2913 | F4: 3796 | G4: 2413 | H4: 2000 | I4: 2500 | J4: 5000 | Q4: =SUMPRODUCT($E$2:$P$2,E4:P4) -> 6709 | R4: =SUM(E4:P4) -> 18622
A5: Matt Collister | C5: CR | D5: Consultoría | E5: 2990 | F5: 3334 | G5: 3031 | H5: 2500 | I5: 1500 | J5: 0 | Q5: =SUMPRODUCT($E$2:$P$2,E5:P5) -> 6324 | R5: =SUM(E5:P5) -> 13355
A6: Alan Schoenberger | C6: CN | D6: Infoproductos | E6: 3701 | F6: 2652 | G6: 4059 | Q6: =SUMPRODUCT($E$2:$P$2,E6:P6) -> 6353 | R6: =SUM(E6:P6) -> 10412
A7: David Philippe | C7: CR | D7: Infoproductos | E7: 2080 | F7: 4095 | G7: 3047 | Q7: =SUMPRODUCT($E$2:$P$2,E7:P7) -> 6175 | R7: =SUM(E7:P7) -> 9222
A8: Elizabeth Moffitt | C8: CR | D8: Consultoría | E8: 2746 | F8: 2117 | G8: 3280 | Q8: =SUMPRODUCT($E$2:$P$2,E8:P8) -> 4863 | R8: =SUM(E8:P8) -> 8143
A9: Alex Russell | C9: CN | D9: Formación | E9: 3244 | F9: 4028 | G9: 3875 | Q9: =SUMPRODUCT($E$2:$P$2,E9:P9) -> 7272 | R9: =SUM(E9:P9) -> 11147
A10: Andy Reiter | C10: CR | D10: Formación | E10: 2363 | F10: 1531 | G10: 3107 | Q10: =SUMPRODUCT($E$2:$P$2,E10:P10) -> 3894 | R10: =SUM(E10:P10) -> 7001
A11: Ann Steele | C11: CN | D11: Infoproductos | E11: 2170 | F11: 1461 | G11: 1623 | Q11: =SUMPRODUCT($E$2:$P$2,E11:P11) -> 3631 | R11: =SUM(E11:P11) -> 5254
A12: Bill Donatelli | C12: CN | D12: Consultoría | E12: 1721 | F12: 3529 | G12: 3165 | Q12: =SUMPRODUCT($E$2:$P$2,E12:P12) -> 5250 | R12: =SUM(E12:P12) -> 8415
A13: Larry Tron | C13: CR | D13: Formación | E13: 1841 | F13: 2039 | G13: 1985 | Q13: =SUMPRODUCT($E$2:$P$2,E13:P13) -> 3880 | R13: =SUM(E13:P13) -> 5865
A14: Patrick Jones | C14: CN | D14: Consultoría | E14: 2456 | F14: 1559 | G14: 2290 | Q14: =SUMPRODUCT($E$2:$P$2,E14:P14) -> 4015 | R14: =SUM(E14:P14) -> 6305
A15: Dave Hallsten | C15: CN | D15: Infoproductos | E15: 3828 | F15: 3745 | G15: 4004 | Q15: =SUMPRODUCT($E$2:$P$2,E15:P15) -> 7573 | R15: =SUM(E15:P15) -> 11577
A16: Tamara Dahlen | C16: CR | D16: Consultoría | E16: 3518 | F16: 1875 | G16: 4157 | Q16: =SUMPRODUCT($E$2:$P$2,E16:P16) -> 5393 | R16: =SUM(E16:P16) -> 9550
A17: Darren Budd | C17: CN | D17: Consultoría | E17: 3857 | F17: 4129 | G17: 2721 | Q17: =SUMPRODUCT($E$2:$P$2,E17:P17) -> 7986 | R17: =SUM(E17:P17) -> 10707
... A21: Pauline Chand | C21: CR | D21: Infoproductos | E21: 1589 | F21: 4002 | G21: 2967 | Q21: =SUMPRODUCT($E$2:$P$2,E21:P21) -> 5591 | R21: =SUM(E21:P21) -> 8558
A22: Cliente generico | C22: CN | H22: 5000 | I22: 10000 | J22: 12000 | Q22: =SUM(Q4:Q21) -> 107453 | R22: =SUM(R4:R21) -> 176952
D24: CN | E24: =SUMIFS(E4:E21,C4:C21,D24) -> 26984
D25: CR
